AoeStats
← A Bá

Pilgrims

510114985Analyzed
4v4 RM · 4d ago on Sep 29, 2026· 41m 9s· 8 players
Game mode
Random Map
Map size
Large (8 player)
Population
200
Speed
Normal
Resources
Standard
Victory
Conquest
Starting age
Dark Age
Ending age
Imperial Age
RankedLock teamsTeams togetherTeam positionsShared explorationLock speedFull tech treeHidden civsTurbo modeCheats
Victory
Defeat
🇦🇺 Bengalis · Australia
1274
+13
🇻🇳 Spanish · Vietnam
1260
+13
🇮🇳 Dravidians · India
1196
+16
🇨🇳 Vikings · China
1189
+16
🇩🇪 Malians · Germany
1266
-18
🇸🇪 Varangians · Sweden
1211
-15
🇨🇾 Celts · Cyprus
1162
-13
🇮🇪 Malay · Ireland
1146
-12
Shini_gami
5:45 Loom
12:22 Feudal Age
13:00 Fishing Lines
13:07 Town Watch
13:24 Double-Bit Axe
14:42 Fletching
14:52 Padded Archer Armor
16:34 Forging
16:30 Scale Barding Armor
19:15 Castle Age
19:18 Horse Collar
20:35 Bow Saw
20:32 Heavy Plow
20:30 Bodkin Arrow
20:51 Leather Archer Armor
20:29 Gillnets
20:58 Medium Warships
21:22 Gold Mining
21:37 Stone Mining
22:27 Iron Casting
24:38 Wheelbarrow
25:18 Leather Archer Armor
25:05 Scale Mail Armor
26:47 Hand Cart
30:58 Imperial Age
29:53 Medical Corps
30:11 Ballistics
29:42 Heated Shot
29:40 Arson
29:55 Squires
32:48 Chemistry
31:57 Thumb Ring
32:28 Conscription
33:05 Bracer
34:33 Elite Elephant Archer
39:49 Ring Archer Armor
41:44 Hoardings
Súc Vật Du Phong
5:04 Loom
13:24 Feudal Age
17:11 Castle Age
15:03 Double-Bit Axe
27:23 Husbandry
30:23 Wheelbarrow
37:47 Imperial Age
38:04 Forging
38:00 Scale Barding Armor
38:30 Bloodlines
37:56 Cavalier
fengyiwui
12:12 Feudal Age
16:04 Castle Age
14:06 Fletching
15:21 Double-Bit Axe
16:19 Padded Archer Armor
16:13 Gold Mining
16:06 Horse Collar
17:30 Bow Saw
18:28 Clinker Construction
19:01 Ballistics
20:57 Loom
21:46 Bodkin Arrow
23:09 Careening
26:11 Fishing Lines
31:16 Imperial Age
30:24 Gold Shaft Mining
32:02 Bogsveigar
32:01 Elite Longship
34:06 Chemistry
34:05 Conscription
34:16 Carvel Hull
34:25 Bracer
35:44 Dry Dock
36:02 Leather Archer Armor
39:48 Two-Man Saw
41:34 Town Watch
A Bá
5:20 Loom
11:07 Feudal Age
11:53 Double-Bit Axe
13:15 Forging
14:52 Gold Mining
16:08 Fishing Lines
17:51 Horse Collar
21:25 Castle Age
20:04 Stone Mining
22:27 Husbandry
22:36 Scale Barding Armor
25:00 Wheelbarrow
24:38 Bloodlines
30:16 Chain Barding Armor
35:52 Herbal Medicine
40:41 Gold Shaft Mining
41:58 Hand Cart
Conor :3
8:18 Loom
10:36 Feudal Age
12:33 Double-Bit Axe
13:10 Town Watch
16:52 Fletching
17:15 Horse Collar
23:35 Castle Age
22:24 Gold Mining
23:24 Bodkin Arrow
23:57 Heavy Plow
25:39 Bow Saw
27:15 Medium Warships
28:49 Fishing Lines
29:22 Pikeman
30:44 Forging
31:01 Squires
34:07 Ballistics
35:41 Wheelbarrow
38:51 Imperial Age
37:20 Iron Casting
37:41 Arson
39:01 Halberdier
JonnyD
13:59 Feudal Age
14:31 Fishing Lines
14:52 Double-Bit Axe
15:01 Gold Mining
15:54 Stone Mining
18:19 Castle Age
16:34 Man-at-Arms
18:46 Scale Mail Armor
18:57 Forging
18:51 Scale Mail Armor
19:03 Long Swordsman
20:35 Fletching
22:11 Murder Holes
24:50 Loom
25:41 Wheelbarrow
24:52 Town Watch
25:52 Iron Casting
29:42 Bodkin Arrow
31:48 Chain Mail Armor
38:50 Imperial Age
39:51 Gold Shaft Mining
40:00 Stone Shaft Mining
41:16 Blast Furnace
lokiuupt
6:34 Loom
12:05 Feudal Age
16:06 Castle Age
14:05 Stone Mining
14:07 Gold Mining
14:08 Double-Bit Axe
15:35 Scale Mail Armor
15:38 Horse Collar
17:04 Heavy Plow
17:16 Bow Saw
17:19 Squires
19:12 Arson
19:54 Forging
21:04 Chain Mail Armor
22:54 Fletching
23:42 Iron Casting
23:11 Town Watch
24:02 Wheelbarrow
26:15 Hand Cart
29:58 Imperial Age
31:13 Plate Mail Armor
34:10 Tigui
33:31 Elite Gbeto
36:00 Fletching
The Outpost Man
4:17 Loom
12:50 Feudal Age
14:13 Double-Bit Axe
14:36 Fishing Lines
18:26 Castle Age
17:21 Stone Mining
18:22 Fletching
18:32 Padded Archer Armor
19:40 Wheelbarrow
18:58 Gold Mining
19:36 Gillnets
21:08 Clinker Construction
21:30 Bow Saw
24:59 Bodkin Arrow
27:45 Careening
27:56 Ballistics
38:03 Imperial Age
38:08 Elite Longship
39:50 Chemistry
39:14 Dry Dock
39:14 Carvel Hull
Connection lost

Rejoining the realm…

Still unreachable

The connection could not be restored.

Session expired

The server has moved on; the page needs a fresh start.